Map: Frozen Temple

Players

SpoonsOilLub - Winner!

  • Race: Zerg Zerg
  • Spawn Location: 11:00

Fropez

  • Race: Protoss Protoss
  • League: Silver
  • Spawn Location: 5:00

VOD

Have the link to the VOD?

Description

Time

  • Played on: June 2, 2016, 12:44 p.m.
  • Length: 5:37
Show
View Real Time Build Order
Export as new Build Order

SpoonsOilLub Zerg - Winner!

Build Orders: Hatch First, Roach Nydus 

Get SALT Encoding   

  12  0:01  Drone  
  13  0:10  Drone  
  14  0:17  Overlord  
  14  0:24  Extractor, Drone  
  15  0:40  Drone x2  
  17  0:56  Hatchery  
  16  1:10  Spawning Pool  
  16  1:11  Drone  
  16  1:15  Drone  
  17  1:20  Extractor  
  17  1:21  Drone  
  17  1:30  Drone  
  18  1:37  Overlord  
  18  1:47  Drone  
  19  2:00  Drone  
  20  2:01  Queen  
  20  2:06  Zergling x2  
  20  2:08  Queen  
  23  2:10  Drone  
  26  2:20  Drone x2  
  28  2:27  Metabolic Boost  
  28  2:32  Drone x2  
  30  2:48  Drone x3  
  33  2:52  Overlord  
  33  2:54  Extractor  
  32  2:58  Drone  
  32  3:05  Lair  
  33  3:08  Drone  
  33  3:10  Overlord  
  34  3:17  Overlord  
  34  3:22  Drone  
  34  3:23  Roach Warren, Drone x2  
  34  3:26  Drone  
  37  3:29  Overlord  
  37  3:51  Drone x2  
  37  3:54  Drone  
  37  3:55  Drone x2  
  42  3:57  Overlord  
  42  3:58  Drone x2  
  42  4:01  Extractor  
  42  4:02  Queen  
  45  4:06  Nydus Network  
  45  4:08  Overlord  
  44  4:20  Overlord  
  44  4:25  Evolution Chamber  
  44  4:28  Roach x2  
  44  4:29  Roach x3  
  44  4:30  Roach  
  55  4:33  Roach  
  55  4:38  Overseer  
  57  4:43  Zergling x2, Roach x2  
  62  4:52  Zergling x4, Roach  
  66  5:03  Nydus Canal  
  66  5:05  Zergling x6, Roach  
Show
View Real Time Build Order
Export as new Build Order

Fropez Protoss 

Build Orders: Nexus First 

Get SALT Encoding   

  12  0:03  Probe (Chrono Boost)  
  14  0:14  Probe (Chrono Boost)  
  14  0:25  Probe (Chrono Boost)  
  15  0:33  Pylon  
  15  0:52  Probe (Chrono Boost)  
  16  1:03  Probe (Chrono Boost)  
  16  1:04  Nexus  
  17  1:12  Pylon  
  17  1:13  Probe (Chrono Boost)  
  18  1:24  Probe (Chrono Boost)  
  19  1:34  Gateway  
  19  1:35  Probe (Chrono Boost)  
  19  1:38  Gateway  
  20  1:45  Probe (Chrono Boost)  
  21  1:51  Pylon  
  21  1:56  Probe (Chrono Boost)  
  22  2:06  Probe (Chrono Boost), Assimilator  
  23  2:10  Pylon  
  23  2:17  Probe (Chrono Boost)  
  24  2:25  Probe (Chrono Boost)  
  24  2:27  Probe (Chrono Boost)  
  24  2:28  Zealot x2  
  30  2:36  Probe (Chrono Boost)  
  31  2:37  Cybernetics Core  
  31  2:39  Probe (Chrono Boost)  
  31  2:46  Probe (Chrono Boost)  
  32  2:55  Forge  
  32  2:59  Probe (Chrono Boost)  
  32  3:00  Probe (Chrono Boost)  
  32  3:05  Assimilator  
  34  3:07  Assimilator  
  34  3:10  Probe (Chrono Boost)  
  34  3:11  Probe (Chrono Boost)  
  36  3:14  Zealot  
  36  3:17  Zealot  
  40  3:22  Mothership Core (Chrono Boost)  
  40  3:23  Probe (Chrono Boost)  
  43  3:34  Probe (Chrono Boost), Protoss Ground Weapons Level 1 (Chrono Boost)  
  44  3:35  Assimilator  
  44  3:40  Probe (Chrono Boost)  
  45  3:44  Probe (Chrono Boost)  
  46  3:51  Probe (Chrono Boost)  
  47  3:56  Photon Cannon  
  47  4:02  Probe (Chrono Boost)  
  48  4:04  Pylon  
  48  4:05  Probe (Chrono Boost)  
  49  4:13  Probe (Chrono Boost)  
  49  4:16  Probe (Chrono Boost)  
  51  4:22  Stalker  
  51  4:23  Probe (Chrono Boost), Stalker  
  56  4:26  Probe (Chrono Boost)  
  57  4:34  Probe  
  58  4:44  Probe  
  59  4:47  Probe  
  60  5:01  Pylon  
  60  5:05  Probe  
  60  5:06  Probe  
  62  5:11  Pylon  
  62  5:13  Pylon  
  62  5:15  Photon Cannon  
  62  5:16  Pylon  
  62  5:17  Pylon  
  54  5:30  Pylon  
Tags
 
League
Silver
Matchup
PvZ
Replay Pack
All Mines
Spawn Locations
Cross Positions
Strategy
Roach Nydus
Add a new tag
Caveats
  • Supply blocks, unpowered buildings, or Contaminate may cause inaccurate times.
  • Supply counts are checked every 10 seconds.